Map: Tokamak LE

Players

DnS

  • Race: Protoss Protoss
  • Spawn Location: 7:00

VITRyung (Ryung) - Winner!

  • Race: Terran Terran
  • League: Master
  • Spawn Location: 1:00

Event: HomeStory Cup XXVII

VOD

Have the link to the VOD?

Description

Time

  • Played on: June 27, 2025, 7:06 a.m.
  • Length: 8:46

All games in this series

Show
View Real Time Build Order
Export as new Build Order

DnS Protoss 

Build Orders: 1 Gate Expand, Blink Stalkers 

Get SALT Encoding   

  12  0:00  Probe  
  13  0:12  Probe  
  14  0:17  Pylon  
  14  0:23  Probe  
  15  0:31  Probe  
  15  0:36  Gateway  
  15  0:39  Probe  
  16  0:45  Assimilator  
  17  0:51  Probe  
  18  1:03  Probe  
  19  1:15  Probe  
  20  1:25  Cybernetics Core  
  20  1:32  Nexus  
  20  1:35  Probe  
  21  1:41  Pylon  
  21  1:47  Probe  
  21  1:52  Assimilator  
  22  1:54  Adept  
  22  1:59  Probe  
  23  2:06  Warp Gate  
  24  2:11  Probe  
  25  2:23  Probe, Adept  
  25  2:28  Twilight Council  
  28  2:36  Probe  
  29  2:40  Probe  
  29  2:48  Probe, Blink  
  29  2:49  Probe  
  31  2:52  Stalker  
  31  2:55  Gateway  
  34  2:58  Probe  
  34  3:01  Probe  
  36  3:06  Shield Battery  
  36  3:11  Probe  
  37  3:13  Probe  
  38  3:25  Probe x2  
  40  3:31  Pylon  
  40  3:35  Robotics Facility  
  40  3:38  Probe  
  40  3:39  Probe  
  42  3:44  Gateway  
  42  3:50  Probe  
  42  3:51  Pylon, Probe  
  44  4:00  Stalker x2  
  48  4:04  Probe x2  
  49  4:12  Warp Prism  
  49  4:16  Probe x2  
  50  4:28  Probe x2  
  50  4:30  Stalker  
  54  4:35  Stalker  
  56  4:40  Stalker  
  56  4:41  Probe x2  
  56  4:43  Assimilator  
  60  4:48  Pylon  
  60  4:56  Observer  
  61  5:00  Nexus  
  61  5:13  Stalker x3  
  67  5:16  Pylon  
  67  5:18  Observer  
  68  5:21  Shield Battery  
  68  5:24  Pylon  
  68  5:27  Probe  
  69  5:30  Probe  
  70  5:37  Stalker x2  
  72  5:50  Probe  
  72  5:53  Probe  
  72  5:56  Forge  
  74  6:02  Probe  
  75  6:08  Probe  
  75  6:09  Sentry  
  75  6:10  Observer  
  79  6:17  Charge  
  79  6:24  Probe  
  79  6:25  Probe x2  
  82  6:28  Gateway x2  
  82  6:31  Protoss Ground Weapons Level 1  
  82  6:32  Gateway  
  82  6:34  Gateway  
  82  6:37  Gateway  
  82  6:42  Immortal, Zealot x2  
  82  6:43  Zealot  
  88  6:48  Probe x2  
  88  6:49  Probe  
  95  6:56  Shield Battery  
  95  7:00  Probe  
  95  7:01  Probe  
  93  7:02  Pylon  
  93  7:03  Pylon  
  93  7:08  Pylon  
  93  7:14  Immortal  
  93  7:15  Stalker x3  
  97  7:21  Observer  
  91  7:28  Sentry  
  91  7:29  Zealot x2  
  95  7:30  Probe x2  
  97  7:42  Probe x2  
  97  7:43  Probe  
  100  7:44  Observer  
  100  7:46  Robotics Bay  
  100  7:51  Zealot x5  
  106  7:54  Probe  
  106  7:56  Sentry  
  106  7:57  Probe x2  
  115  8:01  Pylon  
  115  8:06  Probe  
  115  8:09  Zealot x2  
  116  8:13  Zealot  
  116  8:14  Zealot x4  
  124  8:20  Zealot  
Show
View Real Time Build Order
Export as new Build Order

VITRyung Terran - Winner!

Build Orders: 1/1/1 

Get SALT Encoding   

  12  0:00  SCV  
  13  0:12  SCV  
  14  0:17  Supply Depot  
  14  0:24  SCV  
  15  0:38  SCV  
  15  0:40  Barracks  
  16  0:44  Refinery  
  16  0:50  SCV  
  16  0:52  Refinery  
  17  1:02  SCV  
  18  1:15  SCV  
  19  1:23  Supply Depot  
  19  1:27  Orbital Command, Reaper  
  20  1:42  Factory  
  20  1:53  SCV  
  21  1:59  Barracks Reactor  
  21  2:05  SCV  
  22  2:17  SCV  
  22  2:20  Command Center  
  23  2:29  Starport  
  24  2:30  SCV  
  24  2:38  Marine  
  24  2:39  Supply Depot  
  24  2:40  Marine  
  24  2:42  SCV  
  27  2:47  Widow Mine  
  29  2:54  SCV  
  29  2:57  Marine  
  31  3:00  Marine  
  32  3:06  SCV  
  32  3:07  Medivac  
  32  3:11  Factory Tech Lab  
  35  3:14  Marine  
  35  3:18  Marine, SCV  
  38  3:30  SCV  
  38  3:32  Orbital Command  
  39  3:39  Starport Tech Lab  
  39  3:40  Marine x2  
  39  3:41  Siege Tank  
  44  3:42  SCV  
  45  3:53  Barracks  
  45  3:55  SCV  
  46  3:58  Raven  
  46  3:59  SCV  
  49  4:07  SCV  
  50  4:11  SCV  
  51  4:20  SCV  
  51  4:23  SCV  
  53  4:25  Supply Depot  
  53  4:28  Bunker  
  53  4:34  SCV  
  53  4:38  Barracks  
  54  4:44  Refinery  
  54  4:46  Siege Tank, SCV  
  54  4:47  Engineering Bay  
  54  4:48  Supply Depot  
  54  4:49  SCV  
  54  4:52  Supply Depot  
  58  4:53  Bunker  
  58  4:54  Marine x2  
  58  4:55  Marine  
  58  4:56  Stimpack  
  58  4:58  SCV  
  62  5:09  Supply Depot, SCV  
  62  5:10  SCV  
  64  5:14  Marine x3  
  64  5:16  Terran Infantry Weapons Level 1  
  64  5:18  Siege Tank  
  70  5:21  SCV  
  70  5:22  SCV  
  70  5:24  Supply Depot  
  70  5:27  Refinery  
  72  5:29  Starport Reactor  
  72  5:33  SCV  
  72  5:34  Marine  
  72  5:35  Marine, SCV  
  76  5:37  Marine, Barracks Tech Lab  
  75  5:51  Command Center  
  75  5:56  Combat Shield  
  75  6:00  Marauder x2, Marine x2  
  75  6:01  Factory Reactor  
  81  6:04  SCV x2  
  81  6:06  Supply Depot  
  81  6:10  Medivac  
  85  6:11  Medivac  
  87  6:23  Marauder x2, Marine x2  
  91  6:32  Supply Depot  
  91  6:38  Concussive Shells  
  91  6:43  Barracks  
  91  6:44  Marine  
  91  6:45  Marauder x2, Marine  
  91  6:46  Barracks  
  97  6:48  Widow Mine x2  
  97  6:54  Medivac x2  
  105  7:03  SCV x2  
  105  7:05  Supply Depot x2  
  107  7:15  SCV x2  
  109  7:26  Marauder x2, Marine x2  
  109  7:28  Widow Mine x2  
  109  7:29  SCV x2  
  121  7:35  Medivac  
  123  7:42  Orbital Command, SCV x2  
  125  7:46  Barracks Reactor  
  125  7:47  Marauder  
  125  7:49  Widow Mine x2  
  131  7:53  Medivac  
  131  7:55  Marauder  
  131  7:58  Marauder, Marine x2  
  137  8:02  SCV x2  
  138  8:16  Marauder, Marine  
  138  8:18  Marine  
  141  8:24  SCV x2  
  141  8:25  Supply Depot x2  
  141  8:30  Supply Depot x2  
Tags
 
Composition
Blink Stalkers
League
Master
Matchup
PvT
Player
DnSRyung
Replay Pack
hsc27
Spawn Locations
Cross Positions
Add a new tag
Caveats
  • Supply blocks, unpowered buildings, or Contaminate may cause inaccurate times.
  • Supply counts are checked every 10 seconds.